 Dungeon Crawl Stone Soup version 0.27-a0-1202-ge72e49191c (webtiles) character file.

Game seed: 15179673599191129256

274 EldarEldrad the Magician (level 6, -10/32 HPs)
             Began as a Deep Elf Fire Elementalist on June 4, 2021.
             Mangled by Duvessa
             ... wielding a +0 short sword
              (12 damage)
             ... on level 4 of the Dungeon.
             The game lasted 00:14:27 (3941 turns).

EldarEldrad the Magician (DEFE)                     Turns: 3941, Time: 00:14:28

Health: -10/32     AC:  2    Str:  5    XL:     6   Next: 3%
Magic:  0/16       EV: 13    Int: 22    God:
Gold:   38         SH:  0    Dex: 21    Spells: 2/15 levels left

rFire    . . .     SeeInvis .   k - +2 dagger (speed)
rCold    . . .     Faith    .   (no shield)
rNeg     . . .     Spirit   .   a - +0 robe
rPois    .         Reflect  .   (no helmet)
rElec    .         Harm     .   (no cloak)
rCorr    .         Rampage  .   (no gloves)
Will     .....                  (no boots)
Stlth    ++........             (no amulet)
HPRegen  0.10/turn              j - +6 ring of dexterity
MPRegen  0.15/turn              (no ring)

@: no status effects
A: no striking features
a: no special abilities


You were on level 4 of the Dungeon.
You visited 1 branch of the dungeon, and saw 4 of its levels.

You collected 38 gold pieces.

Inventory:

Hand Weapons
 k - a +2 dagger of speed (weapon)
Missiles
 g - 7 atropa-tipped darts
Armour
 a - a +0 robe (worn)
Jewellery
 d - a ring of ice
 j - a +6 ring of dexterity (left hand)
Scrolls
 b - 2 scrolls of magic mapping {unknown}
 e - 2 scrolls of identify {unknown}
Potions
 c - a potion of flight {unknown}
 f - 2 potions of brilliance {unknown}
 h - a potion of heal wounds {unknown}
 i - a potion of curing {unknown}
 l - a potion of degeneration {unknown}
 m - 2 potions of might {unknown}


   Skills:
 - Level 2.4 Dodging
 - Level 2.4 Stealth
 + Level 5.3 Spellcasting
 * Level 4.0 Conjurations
 + Level 5.0 Fire Magic


You had 2 spell levels left.
You knew the following spells:

 Your Spells              Type           Power      Damage    Failure   Level
a - Foxfire               Conj/Fire      100%       2x1d9     1%          1
b - Conjure Flame         Conj/Fire      25%        6-21      4%          3
c - Sticky Flame          Conj/Fire      25%        2d5       16%         4
d - Fireball              Conj/Fire      12%        3d7       38%         5

Your spell library contained the following spells:

 Spells                   Type           Power      Damage    Failure   Level
 Summon Small Mammal      Summ           20%        N/A       10%         1
 Call Imp                 Summ           5%         N/A       14%         2
 Inner Flame              Hex/Fire       16%        N/A       11%         3
 Call Canine Familiar     Summ           5%         N/A       28%         3
 Summon Guardian Golem    Hex/Summ       5%         N/A       28%         3
 Summon Ice Beast         Ice/Summ       5%         N/A       67%         4
 Summon Lightning Spire   Summ/Air       5%         N/A       67%         4


Dungeon Overview and Level Annotations

Branches:
Dungeon (4/15)
 Temple: D:4-7

Altars:
Makhleb
Okawaru

Shops:
D:2 [

Annotations:
D:4 Duvessa


Message History

Duvessa is severely wounded.
The foxfire hits Duvessa but does no damage.
Duvessa is severely wounded.
The foxfire hits Duvessa.
Duvessa is severely wounded.
You conjure some foxfire!
The foxfire hits Duvessa.
Duvessa is severely wounded.
Duvessa hits you with a +0 short sword!!
Ouch! That really hurt!
You are too injured to fight recklessly!
Casting: Foxfire (safe; 1% risk of failure)
Confirm with . or Enter, or press ? or * to list all spells.
You conjure some foxfire!
The foxfire hits Duvessa.
Duvessa is severely wounded.
The foxfire hits Duvessa.
Duvessa is almost dead.
Duvessa hits you with a +0 short sword.
* * * LOW HITPOINT WARNING * * *
Casting: Foxfire (safe; 1% risk of failure)
Confirm with . or Enter, or press ? or * to list all spells.
You don't have enough magic to cast this spell.
The foxfire hits Duvessa but does no damage.
Duvessa is almost dead.
The foxfire hits Duvessa but does no damage.
Duvessa is almost dead.
Duvessa hits you with a +0 short sword!
* * * LOW HITPOINT WARNING * * *
You are too injured to fight recklessly!
Casting: Foxfire (safe; 1% risk of failure)
Confirm with . or Enter, or press ? or * to list all spells.
You conjure some foxfire!
Duvessa barely misses you.
The foxfire hits Duvessa.
Duvessa is almost dead.
The foxfire hits Duvessa.
Duvessa is almost dead.
Duvessa barely misses you.
Casting: Foxfire (safe; 1% risk of failure)
Confirm with . or Enter, or press ? or * to list all spells.
You conjure some foxfire!
Duvessa hits you with a +0 short sword!
You die...

#.# #.# #.# #.# #.#
#.# #)# #.### #.#
#..(# ##.###...###
##..........# #######
.)........(.# #v....#
##..........###v@ยง..#
##.............e...#
#####(....###.....#
####..# #.....# #..#
###.### #..# #.#
#######)## #.#
#.()...<# #)#
#.#####)# #.#


You could see Duvessa (berserk, ally target).

Vanquished Creatures
  Dowan (D:4)
  A hound (D:4)
  A centaur skeleton (D:2)
  5 adders
  3 gnolls (D:3)
  A worm (D:2)
  2 orcs
  7 bats
  7 endoplasms
  6 giant cockroaches
  10 goblins
  5 hobgoblins
  13 jackals
  A quokka (D:3)
  2 ball pythons
  4 frilled lizards
  7 kobolds
  6 rats
82 creatures vanquished.

Vanquished Creatures (others)
  280 foxfires
280 creatures vanquished.

Grand Total: 362 creatures vanquished

Notes
Turn   | Place    | Note
-------+----------+-------------------------------------------
     0 | D:1      | EldarEldrad the Deep Elf Fire Elementalist began the quest
                  | for the Orb.
     0 | D:1      | Reached XP level 1. HP: 10/10 MP: 6/6
   219 | D:1      | Found a faded altar of an unknown god.
   560 | D:1      | Reached XP level 2. HP: 15/15 MP: 5/8
  1358 | D:2      | Reached XP level 3. HP: 19/19 MP: 5/10
  1944 | D:2      | Reached XP level 4. HP: 24/24 MP: 9/12
  2256 | D:2      | Learned a level 3 spell: Conjure Flame
  2269 | D:2      | Learned a level 4 spell: Sticky Flame
  2365 | D:2      | Found Uxolym's Armour Boutique.
  3064 | D:3      | Reached XP level 5. HP: 28/28 MP: 8/14
  3170 | D:3      | Found an iron altar of Okawaru.
  3530 | D:3      | Reached skill level 5 in Spellcasting
  3563 | D:3      | Found a burning altar of Makhleb.
  3914 | D:4      | Noticed Dowan
  3922 | D:4      | Learned a level 5 spell: Fireball
  3929 | D:4      | Killed Dowan
  3930 | D:4      | Reached skill level 5 in Fire Magic
  3930 | D:4      | Reached XP level 6. HP: 32/32 MP: 9/16
  3930 | D:4      | Noticed Duvessa
  3938 | D:4      | HP: 1/32 [Duvessa/+0 short sword (7)]
  3941 | D:4      | Mangled by Duvessa

Illustrated notes

Levels and vault maps discovered:
D:1:      psy_arrival_terrarium, layout_loops_corners,
          hellmonk_ecumenical_altar_leap_of_faith, minmay_worlds_worst_comb
D:2:      layout_basic, serial_shops, shop, chequers_garden, st_stairs_6
D:3:      layout_rooms, nicolae_overflow_crystal_walls, old_standard_altar
D:4:      layout_loops_ring, marbit_many_paths, portal_sewer_entry_e,
          uniq_duvessa, uniq_natasha

Skill      XL: |  1  2  3  4  5 |
---------------+----------------+-----
Conjurations   | 2 3 4 |  4.0
Spellcasting   | 4 5 |  5.3
Fire Magic     | 4 5 |  5.0
Dodging        | |  2.4
Stealth        | |  2.4

Action                   |  1- 3 |  4- 6 || total
-------------------------+-------+-------++-------
Melee: Unarmed           |     1 |       ||     1
 Cast: Foxfire           |    66 |   102 ||   168
       Sticky Flame      |       |     1 ||     1
Armor: Robe              |    12 |       ||    12
Dodge: Dodged            |    30 |    11 ||    41

Table legend: (Time is in decaauts)
 A = Elapsed time spent in this place.
 B = Non-inter-level travel time spent in this place.
 C = Inter-level travel time spent in this place.
 D = Time resting spent in this place.
 E = Time spent auto-exploring this place.
 F = Levels seen in this place.
 G = Mean time per level.
                   A        B        C        D        E       F      G
               +--------+--------+--------+--------+--------+-----+--------+
         Total |   3941 |   3757 |    184 |   1383 |   1854 |   4 |  985.2 |
       Dungeon |   3941 |   3757 |    184 |   1383 |   1854 |   4 |  985.2 |
               +--------+--------+--------+--------+--------+-----+--------+

Top non-repeatable levels by time:
     D:1: 1617 daAuts
     D:2: 1394 daAuts
     D:3: 685 daAuts
     D:4: 244 daAuts
